 Dungeon Crawl Stone Soup version 0.25.0-26-g0c896c7 (webtiles) character file.

Game seed: 18240310233654302924

672 Balder the Chopper (level 7, -4/61 HPs)
             Began as a Hill Orc Fighter on July 6, 2020.
             Was an Initiate of Okawaru.
             Killed by divine providence
             ... invoked by an orc priest
              (10 damage)
             ... on level 5 of the Dungeon.
             The game lasted 00:16:52 (4351 turns).

Balder the Chopper (Hill Orc Fighter)               Turns: 4351, Time: 00:16:53

Health: -4/61      AC: 13    Str: 19    XL:     7   Next: 59%
Magic:  7/7        EV:  6    Int:  8    God:    Okawaru [......]
Gold:   141        SH: 10    Dex: 12    Spells: 6/6 levels left

rFire    . . .     SeeInvis +   a - +0 war axe
rCold    . . .     Gourm    .   c - +1 kite shield
rNeg     . . .     Faith    .   u - +0 chain mail
rPois    .         Spirit   .   s - +0 helmet
rElec    .         Reflect  .   w - +0 cloak
rCorr    .         Harm     .   h - +0 pair of gloves
MR       .....                  (no boots)
Stlth    ..........             (no amulet)
HPRegen  0.20/turn              l - ring of see invisible
MPRegen  0.10/turn              (no ring)

@: no status effects
A: no striking features
a: Renounce Religion, Convert to Beogh


You were on level 5 of the Dungeon.
You worshipped Okawaru.
Okawaru was noncommittal.
You were hungry.

You visited 1 branch of the dungeon, and saw 5 of its levels.

You collected 261 gold pieces.
You spent 120 gold pieces at shops.

Inventory:

Hand Weapons
 a - a +0 war axe (weapon)
 y - a +0 dagger of venom
Missiles
 e - 44 poisoned darts (quivered)
 k - 8 boomerangs
 q - a throwing net
Armour
 c - a +1 kite shield (worn)
 h - a +0 pair of gloves (worn)
 s - a +0 helmet (worn)
 u - a +0 chain mail (worn)
 w - a +0 cloak (worn)
Jewellery
 b - an uncursed amulet of regeneration {unknown}
 l - a ring of see invisible (left hand)
Wands
 g - a wand of digging (8)
Scrolls
 d - 2 scrolls of blinking
 i - 7 scrolls of identify
 m - 3 scrolls of remove curse
 n - 2 scrolls of fear
 o - 3 scrolls of teleportation {unknown}
Potions
 j - a potion of resistance {unknown}
 p - a potion of curing
 r - a potion of flight {unknown}
 t - a potion of cancellation {unknown}
 v - 2 potions of ambrosia {unknown}
 z - a potion of heal wounds {unknown}
 A - a potion of stabbing {unknown}
 B - a potion of haste {unknown}
Comestibles
 f - 9 rations


   Skills:
 * Level 5.0 Fighting
 * Level 7.4 Axes
 * Level 1.7 Throwing
 * Level 4.2 Armour
 * Level 1.7 Dodging
 * Level 4.6 Shields
 * Level 0.6 Invocations


You had 6 spell levels left.
You didn't know any spells.
Your spell library contained the following spells:

 Spells                   Type           Power        Failure   Level  Hunger
 Freeze                   Ice            #...         100%        1    ##.....
 Frozen Ramparts          Ice            #.....       100%        3    ####...
 Ozocubu's Armour         Chrm/Ice       #.......     100%        3    ####...
 Hailstorm                Conj/Ice       #.......     100%        4    #####..
 Summon Ice Beast         Ice/Summ       #.......     100%        4    #####..


Dungeon Overview and Level Annotations

Branches:
Dungeon (5/15)
 Temple: D:4-7

Altars:
Cheibriados
Okawaru
Vehumet

Shops:
D:4 ?[

Annotations:
D:4 2 transporters, hawla's ghost, amateur HOMo


Message History

You hit the orc.
The orc is heavily wounded.
The orc priest shouts, "Join the one true god or die!"
The orc barely misses you.
The orc priest invokes the aid of Beogh against you.
Beogh smites you!
* * * LOW HITPOINT WARNING * * *
As you read the scroll of fear, it crumbles to dust.
You assume a fearsome visage.
The orc looks frightened!
The orc priest looks frightened!
The orc looks frightened!
You open the door.
Found a marble ring.
There is an open door here.
The orc priest shouts!
Found 8 gold pieces.
A phantom comes into view.
The phantom hits you but does no damage.
The orc priest mumbles some strange prayers to Beogh against you.
Beogh smites you!
You die...

###### #....#
#....# #....#
#....# #....#
#..$@####+##
#....W.....#
#..........#
#..........#
#..........#
#....#####..
#...o.#
###.o.# .
#...$.#
#####...#####
#(....##
........'...#
.......


You could see a phantom and an orc priest.

Vanquished Creatures
  A phantom (D:2)
  2 ogres
  Crazy Yiuf (D:3)
  2 centaur skeletons (D:4)
  3 orc priests
  A hound (D:4)
  2 orc wizards
  4 adders
  A gnoll (D:2)
  A worm (D:2)
  3 dart slugs
  5 leopard geckos
  10 orcs
  10 bats
  4 giant cockroaches
  12 goblins
  10 hobgoblins
  7 jackals (D:1)
  3 kobolds (D:2)
  3 quokkas
  A ball python (D:1)
  5 frilled lizards
  11 rats
102 creatures vanquished.

Vanquished Creatures (others)
  An orc wizard (D:3)
1 creature vanquished.

Grand Total: 103 creatures vanquished

Notes
Turn   | Place    | Note
-------+----------+-------------------------------------------
     0 | D:1      | Balder the Hill Orc Fighter began the quest for the Orb.
     0 | D:1      | Reached XP level 1. HP: 19/19 MP: 1/1
   111 | D:1      | Reached XP level 2. HP: 18/27 MP: 2/2
   169 | D:1      | Reached skill level 3 in Axes
   373 | D:1      | Reached XP level 3. HP: 33/33 MP: 3/3
   836 | D:2      | Noticed a phantom
   927 | D:2      | Killed a phantom
   927 | D:2      | Reached skill level 4 in Axes
   927 | D:2      | Reached skill level 1 in Dodging
   927 | D:2      | Reached XP level 4. HP: 6/41 MP: 4/4
   927 | D:2      | Reached XP level 5. HP: 7/47 MP: 5/5
  1280 | D:2      | Reached skill level 1 in Throwing
  1539 | D:2      | Reached skill level 5 in Axes
  2446 | D:3      | Reached XP level 6. HP: 46/53 MP: 6/6
  2823 | D:3      | Found a snail-covered altar of Cheibriados.
  2873 | D:3      | Found a radiant altar of Vehumet.
  3133 | D:3      | Found a runed translucent door.
  3134 | D:3      | Noticed Crazy Yiuf
  3141 | D:3      | Killed Crazy Yiuf
  3141 | D:3      | Reached skill level 6 in Axes
  3368 | D:4      | Found an iron altar of Okawaru.
  3413 | D:4      | Found a transporter.
  3416 | D:4      | Noticed hawla's ghost (amateur HOMo)
  3421 | D:4      | Found a transporter.
  3463 | D:4      | Reached XP level 7. HP: 48/60 MP: 7/7
  3553 | D:4      | Found Huinoxu's Magic Scroll Emporium.
  3817 | D:4      | Reached skill level 7 in Axes
  4083 | D:4      | Bought a scroll of fear for 38 gold pieces
  4083 | D:4      | Bought a scroll of blinking for 82 gold pieces
  4105 | D:4      | Found Qesudoy's Antique Armour Emporium.
  4255 | D:4      | Became a worshipper of Warmaster Okawaru
  4291 | D:5      | Entered Level 5 of the Dungeon
  4327 | D:5      | Reached skill level 5 in Fighting
  4336 | D:5      | HP: 3/61 [orc priest/divine providence (14)]
  4351 | D:5      | Killed from afar by an orc priest

Illustrated notes

Levels and vault maps discovered:
D:1:      scummos_arrival_checkerplants, layout_loops_ring,
          minmay_misc_feat_columns, minmay_unequal
D:2:      minmay_thinvault, layout_basic, first_ration, hangedman_decor_riveting
D:3:      layout_loops_corners, fiery_altar_vehumet, lemuel_round_altar,
          uniq_crazy_yiuf_cottage
D:4:      layout_rooms, serial_shops, kennysheep_little_box, shop,
          gammafunk_ghost_smash, hangedman_feature_mirror,
          okawaru_ov_weapons_minmay
D:5:      layout_basic, uniq_pikel

Skill      XL: |  1  2  3  4  5  6  7 |
---------------+----------------------+-----
Fighting       | 4 5 |  5.0
Axes           | 3 4 5 6 7 |  7.4
Dodging        | 1 |  1.7
Throwing       | 1 |  1.7
Shields        | 4 |  4.6
Armour         | 4 |  4.2
Invocations    | |  0.6

Action                   |  1- 3 |  4- 6 |  7- 9 || total
-------------------------+-------+-------+-------++-------
Melee: War axe           |   101 |   189 |    61 ||   351
Throw: Dart              |     8 |     2 |       ||    10
  Use: Scroll            |     1 |     3 |     1 ||     5
       Potion            |     1 |     1 |     1 ||     3
  Eat: Chunk             |       |     8 |     3 ||    11
Armor: Scale mail        |    41 |    50 |       ||    91
       Chain mail        |       |    47 |    24 ||    71
Dodge: Dodged            |    31 |    56 |    10 ||    97
Block: Kite shield       |    61 |   113 |    29 ||   203
